[Event "76th Montenegro Championship 2024"]
[Site "Podgorica"]
[Date "2024.02.09"]
[Round "4.10"]
[White "Skvortsova, Alena"]
[Black "Kalezic, Blazo"]
[Result "1-0"]
[ECO "C05"]
[WhiteElo "2111"]
[BlackElo "2407"]
[Annotator "TA"]
[PlyCount "101"]
[EventDate "2024.02.06"]
[EventType "swiss"]
[EventCountry "MNE"]
[SourceTitle "playchess.com"]
[Source "ChessBase"]
[SourceQuality "1"]
[TimeControl "40/5400+30:1800+30"]

1. e4 e6 2. d4 d5 3. Nd2 Nf6 4. e5 Nfd7 5. f4 c5 6. c3 Nc6 7. Ndf3 Qb6 8. a3 Be7 9. b4 {[%emt 0:00:16] C05: French Tarrasch: 3...Nf6 4 e5 Nfd7, 5 f4 and 5 Bd3 sidelines.} cxd4 10. cxd4 O-O 11. Bd3 f5 12. Ne2 Rf7 $146 (12... a6 $11) ({Predecessor:} 12... Qd8 13. Rg1 Nb6 14. g4 Qe8 15. gxf5 exf5 16. Ng3 Be6 17. Qc2 Rc8 18. Qg2 Qg6 {½-½ Ravi,T (2385)-Radjabov,T (2476) Biel MTO op 2000 (2)}) 13. O-O $16 Nf8 14. Kh1 Bd7 15. Rg1 h5 16. Be3 Rc8 17. Ra2 Nb8 18. Nc1 Bb5 19. Bb1 Bc4 20. Rb2 Qd8 21. h3 g6 (21... h4 $142) 22. g4 $16 hxg4 23. hxg4 Rc6 (23... Rh7+ $16 24. Rh2 Rxh2+ 25. Kxh2 Kf7) 24. Rh2 $18 Nbd7 (24... Rg7 {was necessary.} 25. Nd3 Nbd7) 25. Nd2 $18 Ba6 26. Ncb3 {[%emt 0:04:56] Black must now prevent gxf5.} Rg7 27. Na5 $2 (27. gxf5 $18 {is more deadly.} exf5 28. Qf3) 27... Rc3 $16 {[%emt 0:05:38] [#]} 28. gxf5 $1 exf5 29. Qf3 Ne6 {[%emt 0:03:22] [#]} 30. Qxd5 $2 ({Only move:} 30. Bxf5 $1 $16 gxf5 31. Rxg7+ Kxg7 32. Qg3+ (32. Qxd5 $2 Ndf8 $19) 32... Bg5 (32... Kf7 33. Rh7+ Kf8 34. Qg6 Rc1+ 35. Kh2) 33. fxg5) 30... Ndf8 $11 31. Qxd8 (31. Qf3 $5 Nxd4 32. Ba2+ Nde6 33. Nb1 $11 (33. Nxb7 $2 Bxb7 34. Qxb7 Rxe3 $19)) 31... Bxd8 32. d5 Rxe3 33. dxe6 Rxa3 (33... Nxe6 $2 34. Ba2 Kf7 35. Nac4 $18) ({Black should try} 33... Bxa5 $1 $15 34. Ba2 Re7 35. bxa5 b5 (35... Nxe6 $2 36. Rxg6+ Kf7 37. Rf6+ Ke8 38. Rxe6 $18) (35... Rxa3 36. Bb1 $11)) 34. Nac4 $11 Ra1 35. Nd6 $1 {[%emt 0:00:30] Repels Bb5. And now Nb3 would win.} Be7 $2 (35... Nxe6 36. Nb3 (36. b5 Bxb5 37. Nxb5 Bb6 $16) 36... Ra3 37. b5 Bxb5 (37... Rxb3 38. bxa6 Rxb1 39. Rxb1 $16) 38. Nxb5 Rxb3 39. Ba2 Rxb5 40. Bxe6+ Kf8 41. Rd1 $18) (35... Bb6 $1 $11 {and Black stays safe.} 36. Rg3 Nxe6) 36. Nb3 $18 Rxb1 37. Rxb1 Bxd6 (37... Nxe6 {was worth a try.} 38. Nc5 (38. b5 Bxd6 39. bxa6 Bc7 $18) 38... Nxf4) 38. exd6 $18 Nxe6 39. Nc5 {[%emt 0:02:32] Prevents Rd7} Nxc5 40. bxc5 {[%emt 0:00:00][%cal Oc5c6] White wants to mate with c6!} Bd3 41. Rb3 Be4+ 42. Kg1 {[%emt 0:00:02] Hoping for Rbh3.} Kf7 (42... g5 $142 43. fxg5 Rxg5+ 44. Kf2 Rg7) 43. Rbh3 $18 {[%emt 0:03:07] d7 is the strong threat.} Ke6 44. Rh7 Rg8 45. Re7+ Kd5 46. Rd2+ ({Not} 46. Rxb7 Kxc5 47. Rxa7 Kxd6 48. Rd2+ Kc6 $18) 46... Kxc5 47. d7 {[%emt 0:00:07] White threatens Re8 and mate.} Rd8 48. Re8 Rxd7 49. Rxd7 {[%emt 0:00:04][%cal Oe8e4] Rxe4! would kill now.} a5 {[%emt 0:00:40] [#]} 50. Rxe4 $1 fxe4 51. Rxb7 1-0

[Event "76th Montenegro Championship 2024"]
[Site "Podgorica"]
[Date "2024.02.09"]
[Round "4.11"]
[White "Popovic, Mateja"]
[Black "Ivanovic, Bozidar"]
[Result "0-1"]
[ECO "A61"]
[WhiteElo "1880"]
[BlackElo "2403"]
[Annotator "TA"]
[PlyCount "58"]
[EventDate "2024.02.06"]
[EventType "swiss"]
[EventCountry "MNE"]
[SourceTitle "playchess.com"]
[Source "ChessBase"]
[SourceQuality "1"]
[TimeControl "40/5400+30:1800+30"]

1. d4 Nf6 2. c4 c5 3. d5 e6 4. Nc3 exd5 5. cxd5 d6 6. Nf3 g6 7. Nd2 Nbd7 8. e4 a6 9. a4 Bg7 10. Nc4 Nb6 11. Nxb6 Qxb6 12. a5 Qc7 13. Be2 {[%emt 0:04:20] The position is equal.} O-O 14. O-O Re8 15. Qc2 Rb8 16. Re1 b5 17. axb6 Rxb6 18. f4 (18. Bd2 $11 {remains equal.}) 18... Qb8 ({Better is} 18... Qe7 $17 19. h3 Nxe4) 19. Bf3 (19. h3 $11) 19... Bd7 (19... Bg4 $15) 20. Ra2 ({White should try} 20. h3 $11) 20... Bc8 (20... Bg4 $15) 21. Be3 (21. h3 $11) 21... Ng4 $15 22. Bxg4 Bxg4 23. Na4 (23. f5 $11 {keeps the balance.} Bd4 24. fxg6 hxg6 (24... Bxe3+ 25. Rxe3 hxg6 26. h3 $11) 25. h3 Bxe3+ 26. Rxe3) 23... Rb4 24. Bd2 Rb5 {[%emt 0:00:00] Black is much more active.} ({Black should play} 24... Bd4+ $17 25. Kh1 Rb3) 25. Bc3 Bd4+ 26. Bxd4 cxd4 27. Qd3 (27. Qd2 $17) 27... Rxd5 (27... Bd7 $19 {And now ...Rb4 would win.} 28. h3 (28. Qxd4 $2 {loses.} Rb4 $19) 28... a5) 28. Nc3 $2 {[%emt 0:06:21][%mdl 8192] [#]} (28. Qd2 $17 Rb5 29. Qxd4) 28... dxc3 $19 29. Qxd5 Be6 {[%emt 0:00:00] Weighted Error Value: White=0.67/Black=0.32.  Loses game:     	White=1     	---        Mistake:       	White=6     	Black=5      Inaccurate:     	White=1     	---        OK:         	White=4     	Black=4      Best:        	White=1     	Black=2} 0-1

[Event "76th Montenegro Championship 2024"]
[Site "Podgorica"]
[Date "2024.02.09"]
[Round "4.12"]
[White "Tomic, Aleksandar"]
[Black "Ratkovic, Milorad"]
[Result "1-0"]
[ECO "B81"]
[WhiteElo "2398"]
[BlackElo "2063"]
[Annotator "TA"]
[PlyCount "65"]
[EventDate "2024.02.06"]
[EventType "swiss"]
[EventCountry "MNE"]
[SourceTitle "playchess.com"]
[Source "ChessBase"]
[SourceQuality "1"]
[TimeControl "40/5400+30:1800+30"]

1. e4 c5 2. Nf3 e6 3. d4 cxd4 4. Nxd4 Nf6 5. Nc3 d6 6. g4 Be7 7. g5 Nfd7 8. h4 a6 9. f4 Nc6 10. Be3 Qc7 11. h5 {[%emt 0:11:03] White has more active pieces. The black rooks are passive.} b5 12. Nxc6 Qxc6 {[%emt 0:00:11] White is clearly better.} 13. Qd4 Rg8 14. O-O-O Bb7 15. Rh2 Nc5 16. Bg2 ({White should try} 16. f5) 16... a5 {[%emt 0:11:52] [#]} ({Better is} 16... Rc8) 17. e5 (17. a3 $1 $16) 17... d5 $14 18. Kb1 $36 {[%emt 0:00:00][%mdl 2048] White is more active.} Rc8 (18... b4 $14) 19. Qd2 b4 {[%emt 0:10:46] [#]} 20. Ne2 Ba6 $2 {[%emt 0:06:42] Black cannot hold the game after this.} (20... g6 $16) 21. Nd4 $18 Qb7 (21... Qc7 {was necessary.} 22. f5 Bd8) 22. f5 Na4 23. Ka1 ({Weaker is} 23. fxe6 fxe6 24. Nxe6 Nc3+ 25. Ka1 (25. bxc3 $2 {leads to mate.} bxc3+) 25... Nxd1 26. Qxd1 Bc4) 23... Nc5 (23... Nc3 $142 24. bxc3 bxc3) 24. g6 hxg6 25. hxg6 f6 26. Nxe6 b3 27. Bxc5 bxc2 28. Qxc2 Bxc5 29. Nxc5 {[%emt 0:00:00] White mates.} Qb6 30. exf6 gxf6 31. Bxd5 Rxc5 32. Qe4+ Kf8 {[%emt 0:00:26] [#]} 33. g7+ $1 {[%emt 0:00:00] Weighted Error Value: White=0.10 (very precise) /Black=0.82.  Loses game:     	---       	Black=1      Mistake:       	White=2     	Black=4      OK:         	White=6     	Black=3      Best:        	White=1     	Black=1} 1-0

[Event "76th Montenegro Championship 2024"]
[Site "Podgorica"]
[Date "2024.02.09"]
[Round "4.13"]
[White "Vujosevic, Vladimir"]
[Black "Koljevic, Nikolina"]
[Result "1-0"]
[ECO "A04"]
[WhiteElo "2335"]
[BlackElo "1974"]
[Annotator "ChessBase"]
[PlyCount "33"]
[EventDate "2024.02.06"]
[EventType "swiss"]
[EventCountry "MNE"]
[SourceTitle "playchess.com"]
[Source "ChessBase"]
[SourceQuality "1"]
[TimeControl "40/5400+30:1800+30"]

1. e4 c5 2. Nf3 e6 3. d3 Nc6 4. g3 Nge7 5. Bg2 g6 6. O-O Bg7 7. Re1 O-O 8. c3 d5 9. e5 d4 10. c4 Qc7 11. Bf4 b6 12. Nbd2 Bb7 13. h4 Rad8 14. Ne4 Nxe5 15. Nxe5 Bxe5 16. Nf6+ Kg7 17. Bxe5 1-0

[Event "76th Montenegro Championship 2024"]
[Site "Podgorica"]
[Date "2024.02.09"]
[Round "4.14"]
[White "Nenezic, Danilo"]
[Black "Djurovic, Peko"]
[Result "0-1"]
[ECO "B33"]
[WhiteElo "2086"]
[BlackElo "2332"]
[Annotator "TA"]
[PlyCount "90"]
[EventDate "2024.02.06"]
[EventType "swiss"]
[EventCountry "MNE"]
[SourceTitle "playchess.com"]
[Source "ChessBase"]
[SourceQuality "1"]
[TimeControl "40/5400+30:1800+30"]

1. e4 c5 2. Nf3 Nc6 3. d4 cxd4 4. Nxd4 Nf6 5. Nc3 e5 6. Ndb5 d6 7. Bg5 a6 8. Na3 b5 9. Nd5 Be7 10. Bxf6 Bxf6 11. c3 Bg5 12. Nc2 O-O 13. h4 Bh6 14. Nce3 Bxe3 15. Nxe3 Ne7 16. Be2 {[%emt 0:06:52] The position is equal.} Be6 17. Bf3 a5 18. Qd2 Qb6 19. O-O b4 {[%emt 0:03:38] [#]} 20. Nf5 Bxf5 $15 21. exf5 Rac8 ({Black should try} 21... Rad8 $1 $15) 22. f6 gxf6 23. Rfe1 (23. cxb4 $11 Qxb4 24. Qh6) 23... d5 $17 24. Qh6 (24. Rac1 $142) 24... Qe6 25. cxb4 axb4 26. a3 Rc2 27. Re2 {[%emt 0:03:10] [#]} (27. axb4 Nf5 (27... Rxb2 28. Reb1 $17) 28. Qh5 Ng7 (28... Rxb2 29. Bxd5 Qxd5 30. Qxf5 $14)) (27. Be2 $17 {might work better.} Nf5 (27... Rxb2 $2 28. axb4 Nf5 29. Qh5 $17) 28. Qh5) 27... Rc4 (27... b3 $1 $19 28. Rxc2 bxc2) 28. g3 Nf5 29. Qh5 Nd4 30. Rd2 Kg7 31. Bg2 b3 {[%emt 0:00:00] Threatens to win with ...Rfc8.} 32. Re1 (32. Bf1 $17) 32... Rfc8 $19 33. Kh2 f5 34. Rd3 $2 (34. Qg5+ {was the only defense.} Kh8 35. Qe3) 34... e4 35. Rd2 Nc2 36. Red1 d4 37. Bh3 R8c5 {[%emt 0:00:00] aiming for ...d3.} 38. Qg5+ Qg6 39. Qd8 {[%emt 0:00:24] Dodges Qxg5} (39. Bf1 $142) 39... d3 40. g4 fxg4 41. Rg1 h5 {[%emt 0:01:25] ...Nd4 would now be deadly.} 42. f3 e3 43. Rxd3 e2 44. Rd6 Qf5 {[%emt 0:00:24] Active counter play!} (44... e1=R 45. Rxg6+ fxg6 46. Rxe1 (46. fxg4 Re2+ 47. Kh1 Re3 $11) 46... Nxe1 47. Qe7+ Kg8 48. fxg4 (48. Qxe1 Rc2+ 49. Kg3 gxh3 $16) 48... Nf3+ 49. Kg3 hxg4 50. Bxg4 $11) 45. fxg4 Qf2+ {[%emt 0:00:58] Weighted Error Value: White=1.05/Black=0.37.  Mistake:       	White=7     	Black=2      Inaccurate:     	White=1     	---        OK:         	White=4     	Black=11     Best:        	---       	Black=2} ({Weaker is} 45... e1=Q 46. gxf5+) 0-1

[Event "76th Montenegro Championship 2024"]
[Site "Podgorica"]
[Date "2024.02.09"]
[Round "4.15"]
[White "Draganic, Veljko"]
[Black "Kandic, Milojko"]
[Result "1-0"]
[ECO "A09"]
[WhiteElo "2323"]
[BlackElo "2046"]
[Annotator "TA"]
[PlyCount "69"]
[EventDate "2024.02.06"]
[EventType "swiss"]
[EventCountry "MNE"]
[SourceTitle "playchess.com"]
[Source "ChessBase"]
[SourceQuality "1"]
[TimeControl "40/5400+30:1800+30"]

1. Nf3 d5 2. g3 g6 3. Bg2 Bg7 4. O-O e5 5. d3 Ne7 6. c4 d4 7. e3 O-O (7... Nbc6 $11) 8. exd4 $1 $14 exd4 9. b4 {[%emt 0:01:49][%cal Bb2b4,Bb4b5][%mdl 32] The position is equal.} Na6 10. Ba3 b6 (10... c5 $14) 11. b5 $16 Nc5 12. Bxc5 bxc5 13. Nbd2 Qd6 (13... c6 $142) 14. Ng5 $36 {[%emt 0:00:00][%mdl 2048] Keeping Black busy.} Rb8 15. Nge4 {[%emt 0:00:00] A dynamic duo of knights.} Qb6 16. Nb3 f5 (16... c6 $16) 17. Nexc5 $18 f4 18. Re1 Qf6 19. Qd2 f3 20. Bf1 h6 $2 {[%emt 0:13:17] [#]} (20... Qf7 21. Ne4 Nf5) 21. Qa5 Nf5 22. Re4 (22. Qxa7 $142 Qb6 23. Qxb6 cxb6 24. Ne6 Bxe6 25. Rxe6) 22... Rb6 (22... Qb6 23. Qxb6 cxb6) 23. Qxa7 {[%emt 0:00:00] White is clearly winning.} Qg5 (23... Qf7 $142 24. a4 Kh7) 24. Qxc7 Rbf6 25. Qf4 (25. Nxd4 R6f7 26. Qb6 Bxd4 (26... Nxd4 27. Rae1 $17) 27. Rxd4 Nxd4 $17) 25... Qh5 26. g4 (26. Nxd4 $2 Nxd4 27. Qd2 Ne2+ (27... Qxc5 $2 28. Rae1 $19) 28. Bxe2 fxe2 (28... Qxc5 29. Bf1 $11) 29. Qxe2 Qxc5 $19) 26... Qg5 27. Qxg5 (27. Qxf3 $2 {perishes.} Ne3 28. Qg3 (28. h4 $2 Qxh4 29. Qg3 Qxg3+ 30. fxg3 Rxf1+ 31. Rxf1 Rxf1+ 32. Kh2 Bxg4 $19) 28... Rxf2 (28... Nxg4 $2 {loses.} 29. h4 $18) (28... Rf3 $2 29. a4 $19) 29. Qxf2 Rxf2 (29... Bxg4 $2 30. Qg3 $18) 30. Kxf2 Qh4+ (30... Nxg4+ 31. Ke1 $17) 31. Kg1 Nxg4 32. Rxg4 Bxg4 $19) 27... hxg5 28. gxf5 gxf5 29. Re7 Rh6 30. Rae1 g4 31. Ne6 Bxe6 32. R1xe6 Rxe6 33. Rxe6 Kf7 34. Re1 Bh6 35. Nxd4 {[%emt 0:00:00] Weighted Error Value: White=0.18 (very precise) /Black=0.62.  Mistake:       	White=1     	Black=7      Inaccurate:     	White=1     	---        OK:         	White=9     	Black=4      Best:        	White=1     	---        Strong:       	White=1     	---} 1-0

[Event "76th Montenegro Championship 2024"]
[Site "Podgorica"]
[Date "2024.02.09"]
[Round "4.16"]
[White "Nikac, Predrag"]
[Black "Popovic, Nikola"]
[Result "1-0"]
[ECO "B82"]
[WhiteElo "2304"]
[BlackElo "1433"]
[Annotator "ChessBase"]
[PlyCount "43"]
[EventDate "2024.02.06"]
[EventType "swiss"]
[EventCountry "MNE"]
[SourceTitle "playchess.com"]
[Source "ChessBase"]
[SourceQuality "1"]
[TimeControl "40/5400+30:1800+30"]

1. e4 c5 2. Nf3 Nc6 3. d4 cxd4 4. Nxd4 Nf6 5. Nc3 d6 6. f4 Qb6 7. Nb3 e6 8. Qf3 Be7 9. Be3 Qc7 10. O-O-O O-O 11. g4 Nd7 12. g5 Nc5 13. h4 g6 14. h5 Nxb3+ 15. axb3 Na5 16. Qh3 Bd8 17. Nb5 Qe7 18. Nxd6 Bb6 19. e5 Rd8 20. Bd3 Bxe3+ 21. Qxe3 Qc7 22. Qh3 1-0

[Event "76th Montenegro Championship 2024"]
[Site "Podgorica"]
[Date "2024.02.09"]
[Round "4.18"]
[White "Loncar, Milenko"]
[Black "Grbovic, Dino"]
[Result "0-1"]
[ECO "A07"]
[WhiteElo "2026"]
[BlackElo "1946"]
[Annotator "NA RC"]
[PlyCount "110"]
[EventDate "2024.02.06"]
[EventType "swiss"]
[EventCountry "MNE"]
[SourceTitle "playchess.com"]
[Source "ChessBase"]
[SourceQuality "1"]
[TimeControl "40/5400+30:1800+30"]

1. Nf3 Nf6 2. g3 g6 3. Bg2 Bg7 4. d3 d5 5. Bd2 c5 6. Qc1 O-O 7. Bh6 Qa5+ 8. c3 Qb6 9. Bxg7 Kxg7 10. Nbd2 Nc6 11. O-O h6 12. e4 dxe4 13. dxe4 Be6 14. b3 Rfd8 15. Qa3 Rd3 16. Rac1 Rad8 17. Rc2 Qa5 18. Qb2 b5 19. e5 Nd5 20. Ne4 Bf5 21. Nxc5 Rxc3 22. Rxc3 Qxc3 23. Qxc3 Nxc3 24. Re1 Nb4 25. Nh4 Bg4 26. f3 Nc2 27. Rf1 Bc8 28. Rf2 Rd1+ 29. Rf1 g5 30. Rxd1 Nxd1 31. Bf1 gxh4 32. Bxb5 hxg3 33. hxg3 Nd4 34. Bd7 Bxd7 35. Nxd7 Nxf3+ 36. Kg2 Nd4 37. Nc5 Kg6 38. g4 Nc3 39. a4 a5 40. Kf2 Nd5 41. Kg3 e6 42. Kf2 Nc6 43. Nd7 Kg5 44. Kg3 Ndb4 45. Kf3 Nd3 46. Ke4 Nf2+ 47. Kf3 Nxg4 48. Ke4 h5 49. Nc5 h4 50. Nb7 h3 51. Kf3 Kh4 52. Nxa5 Ngxe5+ 53. Ke2 Nxa5 54. b4 Nec4 55. Kf3 e5 0-1

[Event "76th Montenegro Championship 2024"]
[Site "Podgorica"]
[Date "2024.02.10"]
[Round "5.1"]
[White "Kadric, Denis"]
[Black "Draskovic, Luka"]
[Result "1/2-1/2"]
[ECO "C55"]
[WhiteElo "2584"]
[BlackElo "2481"]
[Annotator "TA"]
[PlyCount "101"]
[EventDate "2024.02.06"]
[EventType "swiss"]
[EventCountry "MNE"]
[SourceTitle "playchess.com"]
[Source "ChessBase"]
[SourceQuality "1"]
[TimeControl "40/5400+30:1800+30"]

1. e4 e5 2. Nf3 Nc6 3. Bc4 Nf6 4. d3 Be7 5. O-O O-O 6. a4 d6 {[%emt 0:00:00] C55: Two Knights: 4 d3, 4 d4 exd4 5 e5 and Max Lange Attack.} 7. a5 Be6 8. Nbd2 Qd7 9. a6 $146 ({Predecessor:} 9. Re1 h6 10. Nf1 Rfe8 11. Ng3 Bf8 12. a6 bxa6 13. Bxa6 Reb8 14. c3 Bb3 15. Qe2 {1-0 Strohhaeker,R (2393)-Halt,D (2044) Neuhausen OBM op 2008 (6)}) 9... b6 10. Bb5 Qe8 11. Re1 Bd7 12. c3 Nd4 13. Bxd7 Nxf3+ 14. Nxf3 Nxd7 15. d4 Qc8 16. Be3 c6 17. Qd3 Qc7 18. b4 Rfe8 19. Red1 Rad8 20. Qc4 b5 (20... Nf6 $11) 21. Qe2 $14 exd4 22. cxd4 Nb6 23. d5 Bf6 24. Rac1 Nc4 25. Rxc4 bxc4 26. Qxc4 c5 27. bxc5 dxc5 28. Nd2 (28. Qxc5 $2 {too greedy.} Qxc5 29. Bxc5 Rxe4 30. Bxa7 Ra4 $19 (30... Rd6 31. g3 $17)) (28. Bxc5 $2 Be7 29. e5 Bxc5 $19 (29... Qxc5 $2 30. Qe4 $19)) 28... Qa5 29. Bxc5 Rb8 30. Bxa7 Ra8 31. Be3 Rxa6 32. Qd3 Qa4 33. Rc1 (33. Nb3 $5 Rb8 (33... Rxe4 34. Nc5 $16) 34. Rc1 $14 (34. Nc5 Qxd1+ 35. Qxd1 Ra1 $11)) 33... Raa8 34. g3 h5 35. h4 Qd7 (35... Rec8 $11 36. Nc4 Rab8) 36. Kg2 Qg4 37. f3 (37. d6 $16) 37... Qd7 $11 38. Rc2 Ra1 39. Nb3 Ra3 40. Bc1 Raa8 41. Nc5 Qa7 42. Be3 Qa1 43. d6 Ra2 44. Bf2 Rxc2 45. Qxc2 Ra8 46. d7 Ra2 47. Qb3 (47. Qc4 $1 $11 {remains equal.}) 47... Qb2 (47... Rd2 $17 48. Qe3 Qb2) 48. Qxb2 $11 Rxb2 49. Kf1 Rb1+ 50. Ke2 Rb2+ 51. Kf1 1/2-1/2

[Event "76th Montenegro Championship 2024"]
[Site "Podgorica"]
[Date "2024.02.10"]
[Round "5.2"]
[White "Sukovic, Andrej"]
[Black "Petrov, Nikita"]
[Result "0-1"]
[ECO "D13"]
[WhiteElo "2339"]
[BlackElo "2563"]
[Annotator "TA"]
[PlyCount "66"]
[EventDate "2024.02.06"]
[EventType "swiss"]
[EventCountry "MNE"]
[SourceTitle "playchess.com"]
[Source "ChessBase"]
[SourceQuality "1"]
[TimeControl "40/5400+30:1800+30"]

1. c4 c6 2. d4 d5 3. cxd5 cxd5 4. Nc3 Nf6 5. Nf3 Nc6 6. Bf4 Nh5 7. Bd2 e6 8. e3 Bd6 9. Rc1 {[%emt 0:13:29][%cal Of3e5] The position is equal.} (9. Ne5 {is interesting.} g6 10. Nb5 Be7 11. Be2) 9... O-O 10. Bd3 f5 11. O-O Nf6 12. a3 Ne4 13. Na2 Bd7 14. Nb4 Qb6 15. Nxc6 Bxc6 16. Ne5 Bxe5 ({Reject} 16... Qxb2 17. Bxe4 fxe4 18. Rb1 Qxa3 19. Ra1 $11) 17. dxe5 {[%emt 0:00:15] Black keeps a firm grip on the game.} Qxb2 18. Bb4 Rfd8 (18... Rfe8 {simplifies} 19. Bxe4 dxe4 20. Bd6 Rac8) 19. f4 {[%emt 0:12:07] [#] Threatens to win with Rb1.} d4 {[%emt 0:00:00] Black is much more active.} 20. Rc2 Qb3 21. Qe2 a5 22. Bc4 $2 (22. Be7 {is more resistant.} Re8 23. Rb2) 22... d3 $19 {[%emt 0:00:00] Black is clearly winning.} (22... Qxe3+ 23. Qxe3 dxe3 24. Bxe6+ Kh8 25. Be1 $19) 23. Qh5 (23. Bxb3 $142 dxe2 24. Bxe6+ Kh8 25. Rxe2 axb4 26. axb4) 23... Qxc2 24. Bxe6+ Kh8 25. Bxf5 Nf6 ({And not} 25... axb4 26. Qxh7#) 26. Qh3 Qxg2+ 27. Qxg2 Bxg2 28. exf6 axb4 29. Kxg2 bxa3 {[%emt 0:00:00] [#] aiming for ...d2. KRR-KRB} 30. f7 d2 31. Bc2 g6 {[%emt 0:00:00] Strongly threatening ...a2.} 32. Ra1 Kg7 {[%emt 0:00:00][%cal Od8c8] ...Rdc8! is the strong threat.} 33. Bb3 Rd3 {[%emt 0:00:00][%csl LRb3,LRe3] Weighted Error Value: White=1.12/Black=0.14 (very precise) .  Mistake:       	White=2     	---        Inaccurate:     	White=5     	Black=1      OK:         	White=5     	Black=6      Best:        	White=1     	Black=5} 0-1

[Event "76th Montenegro Championship 2024"]
[Site "Podgorica"]
[Date "2024.02.10"]
[Round "5.3"]
[White "Djukic, Nikola"]
[Black "Smirnov, Artem"]
[Result "1-0"]
[ECO "B32"]
[WhiteElo "2529"]
[BlackElo "2406"]
[Annotator "TA"]
[PlyCount "131"]
[EventDate "2024.02.06"]
[EventType "swiss"]
[EventCountry "MNE"]
[SourceTitle "playchess.com"]
[Source "ChessBase"]
[SourceQuality "1"]
[TimeControl "40/5400+30:1800+30"]

1. e4 c5 2. Nf3 Nc6 3. d4 cxd4 4. Nxd4 e5 5. Nb5 d6 6. N1c3 a6 7. Na3 Be6 8. Nc4 Rb8 9. Nd5 Bxd5 10. exd5 Nce7 11. a4 Nf6 12. g4 h6 13. h4 Ng6 14. h5 Nf4 15. Bxf4 exf4 16. Qf3 Be7 17. Qxf4 Nxd5 18. Qf5 Nf6 19. Bd3 Rc8 20. Ne3 Rc5 21. Qf3 Qb6 22. O-O-O O-O 23. Nf5 Bd8 24. Nxd6 Nd5 25. Ne4 Bf6 26. Nxf6+ (26. Nxc5 Bxb2+ 27. Kd2 Qxc5 $11) 26... Nxf6 27. Qf4 Qe6 (27... Nd5 $1 $14 28. Qe4 Nf6) 28. Qb4 (28. f3 {seems wilder.} Qa2 29. Qb4 Rfc8 30. Rhe1) 28... Qc6 29. Rhe1 Rc8 30. Rd2 b5 31. Bf5 (31. a5 {simplifies} Qc7 32. Bf5 Rf8 33. c3) 31... Rc4 $2 (31... Rf8 $16) 32. Qd6 (32. Qe7 $142 {Threatening mate with Rd8+.} Nd5 33. Qe5 (33. Qd7 Qxd7 34. Bxd7 Rxa4 $18)) 32... Qxd6 $18 33. Rxd6 Ra8 34. axb5 axb5 {[%emt 0:00:01] [#]} 35. f3 $1 Rf4 36. Re3 Kf8 37. Kd2 b4 (37... Rb8 {was worth a try.} 38. Bd3 Ne8) 38. Red3 $18 Re8 (38... Nxh5 $142 39. Be4 Rxe4) 39. R6d4 (39. b3 $18) 39... Nxh5 $16 40. Rxf4 (40. Bd7 $18 Rxd4 41. Rxd4) 40... Nxf4 $16 41. Rd4 g5 42. Rxb4 Re2+ 43. Kd1 Re5 44. Be4 h5 45. gxh5 Nxh5 46. Rd4 Nf4 (46... f5 $16 {might work better.}) 47. b4 $18 Ke7 {[%emt 0:01:34] [#]} (47... Rb5 {was necessary.} 48. c3 Rb6) 48. Bc6 $1 $18 f5 49. b5 Rc5 (49... Re6 $142 50. Bd7 Rf6) 50. c4 $18 Ne6 $2 (50... Kf6 51. Bd7 Ke5) 51. Rd7+ $18 Kf6 52. Bd5 Nf4 53. b6 Rc8 54. b7 Rb8 55. Bc6 Ne6 56. Kc2 g4 57. fxg4 fxg4 58. Kc3 g3 59. Kb4 Nf4 60. c5 Rg8 61. Rc7 g2 62. Bxg2 $1 Rxg2 63. Ka3 ({Weaker is} 63. b8=R Rb2+ 64. Ka5 Rxb8 $11) 63... Rg3+ 64. Ka4 Rg1 65. Rc6+ ({Stronger than} 65. b8=R Ra1+ 66. Kb5 Rb1+ 67. Ka6 Rxb8 $11) (65. Rc8 $142 Ne6 66. b8=Q (66. b8=R Nxc5+ 67. Ka3 Nd7 $11) 66... Ra1+ 67. Kb5 Rb1+ 68. Kc6 Rxb8 69. Rxb8) 65... Ke5 66. b8=Q+ ({Not} 66. b8=R Ra1+ 67. Kb5 Rb1+ 68. Kc4 Rxb8 $15) 1-0